BSA
LOS CABOS CARTEL @ BAFFIN ISLAND BEAVERS
05/10/2026
 
TOP OF THE 1ST
Los Cabos Cartel batting - Pitching for Baffin Island Beavers : RHP Luis Vargas
Pitching: RHP Luis Vargas
Batting: LHB Luis González 0-0: SINGLE (Line Drive, 56)
Batting: RHB Gerardo Escobedo 0-0: Swinging Strike
0-1: Ball
1-1: Ball
2-1: Foul Ball, location: 2F
2-2: Ball
3-2: Base on Balls
Luis González to second
Batting: SHB Julián Madrid 0-0: Called Strike
0-1: Ball
1-1: Ball
2-1: Fly out, F7 (Flyball, 7M)
Batting: LHB José Rivas 0-0: Ball
1-0: SINGLE (Groundball, 56D)
Luis González to third
Gerardo Escobedo to second
Runner from 3rd tries for Home, SAFE, throw made home
Gerardo Escobedo to third
José Rivas to second
Batting: RHB Stephen Wilson 0-0: Foul Ball, location: 2F
0-1: Ball
1-1: Ball
2-1: Foul Ball, location: 2F
2-2: Ball
3-2: Foul Ball, location: 2F
3-2: Fly out, F3 (Line Drive, 34)
Batting: LHB Miguel Rivería 0-0: Ball
1-0: SINGLE (Line Drive, 4D)
Gerardo Escobedo scores
José Rivas to third
Runner from 3rd tries for Home, SAFE, no throw or cutoff
Batting: RHB Wilbert Rodgers 0-0: Called Strike
0-1: Ball
1-1: Ball
2-1: Foul Ball, location: 2F
2-2: Ball
3-2: Ground out 6-3 (Groundball, 6)
Top of the 1st over - 3 run(s), 3 hit(s), 0 error(s), 1 left on base; Los Cabos 3 - Baffin Island 0
BOTTOM OF THE 1ST
Baffin Island Beavers batting - Pitching for Los Cabos Cartel : RHP Ramón López
Pitching: RHP Ramón López
Batting: LHB Chris Bates 0-0: Ball
1-0: Ball
2-0: Ground out 6-3 (Groundball, 6)
Batting: LHB Jeff Cole 0-0: Swinging Strike
0-1: Foul Ball, location: 2F
0-2: Ball
1-2: Ball
2-2: Strikes out swinging
Batting: SHB Alonso Ferreira 0-0: Foul Ball, location: 2F
0-1: Swinging Strike
0-2: Foul Ball, location: 2F
0-2: Strikes out swinging
Bottom of the 1st over - 0 run(s), 0 hit(s), 0 error(s), 0 left on base; Los Cabos 3 - Baffin Island 0
TOP OF THE 2ND
Los Cabos Cartel batting - Pitching for Baffin Island Beavers : RHP Luis Vargas
Batting: RHB John Pick 0-0: Called Strike
0-1: Called Strike
0-2: Ground out 1-3 (Groundball, 25)
Batting: RHB Oliver Hernández 0-0: Called Strike
0-1: Ball
1-1: Fly out, F8 (Flyball, 8LM)
Batting: LHB Luis González 0-0: Called Strike
0-1: Ball
1-1: Foul Ball, location: 2F
1-2: Ball
2-2: Strikes out swinging
Top of the 2nd over - 0 run(s), 0 hit(s), 0 error(s), 0 left on base; Los Cabos 3 - Baffin Island 0
BOTTOM OF THE 2ND
Baffin Island Beavers batting - Pitching for Los Cabos Cartel : RHP Ramón López
Batting: LHB Lorenzo Villa 0-0: Called Strike
0-1: Foul Ball, location: 2F
0-2: Fly out, F3 (Popup, 3SF)
Batting: RHB Tony Morton 0-0: Called Strike
0-1: Fly out, F4 (Popup, 89S)
Batting: LHB Mario García 0-0: Ball
1-0: Called Strike
1-1: Foul Ball, location: 2F
1-2: Hit by Pitch
Batting: RHB Dave Craig 0-0: Ball
1-0: Ball
2-0: Foul Ball, location: 2F
2-1: Ball
3-1: SINGLE (Flyball, 9S)
Mario García to second
Runner from 2nd tries for 3rd, SAFE, throw made to third
Batting: LHB Keng-chi Lao 0-0: Called Strike
0-1: Ball
1-1: Ball
Balk!
Mario García scores
Dave Craig to second
2-1: Ball
3-1: Ground out 4-3 (Groundball, 34)
Bottom of the 2nd over - 1 run(s), 1 hit(s), 0 error(s), 1 left on base; Los Cabos 3 - Baffin Island 1
TOP OF THE 3RD
Los Cabos Cartel batting - Pitching for Baffin Island Beavers : RHP Luis Vargas
Batting: RHB Gerardo Escobedo 0-0: Ball
1-0: Foul Ball, location: 2F
1-1: Foul Ball, location: 2F
1-2: Ground out 6-3 (Groundball, 56)
Batting: SHB Julián Madrid 0-0: Ball
1-0: Ground out 4-3 (Groundball, 4)
Batting: LHB José Rivas 0-0: Ball
1-0: Called Strike
1-1: Foul Ball, location: 2F
1-2: Strikes out swinging
Top of the 3rd over - 0 run(s), 0 hit(s), 0 error(s), 0 left on base; Los Cabos 3 - Baffin Island 1
BOTTOM OF THE 3RD
Baffin Island Beavers batting - Pitching for Los Cabos Cartel : RHP Ramón López
Batting: LHB Mike MacFadden 0-0: Swinging Strike
0-1: Ball
1-1: Foul Ball, location: 2F
1-2: Foul Ball, location: 2F
1-2: Strikes out swinging
Batting: LHB Chris Bates 0-0: Ball
1-0: Swinging Strike
1-1: Ball
2-1: Fly out, F9 (Flyball, 89M)
Batting: LHB Jeff Cole 0-0: Called Strike
0-1: Ball
1-1: Foul Ball, location: 2F
1-2: SOLO HOME RUN (Flyball, 7D), Distance : 432 ft
Batting: SHB Alonso Ferreira 0-0: Ball
1-0: Swinging Strike
1-1: Swinging Strike
1-2: Ball
2-2: Foul Ball, location: 2F
2-2: SINGLE (Line Drive, 78M)
Batting: LHB Lorenzo Villa 0-0: Ball
1-0: Ball
Wild Pitch!
Alonso Ferreira to second
2-0: Ball
3-0: Called Strike
3-1: Called Strike
3-2: SINGLE (Flyball, 7LM)
Alonso Ferreira to third
Alonso Ferreira scores
Batting: RHB Tony Morton 0-0: Fielders Choice at 2nd, 6-4 (Groundball, 6)
Bottom of the 3rd over - 2 run(s), 3 hit(s), 0 error(s), 0 left on base; Los Cabos 3 - Baffin Island 3
TOP OF THE 4TH
Los Cabos Cartel batting - Pitching for Baffin Island Beavers : RHP Luis Vargas
Batting: RHB Stephen Wilson 0-0: Ball
1-0: Foul Ball, location: 2F
1-1: Ball
2-1: Fly out, F9 (Flyball, 89M)
Batting: LHB Miguel Rivería 0-0: Called Strike
0-1: Ball
1-1: Ball
2-1: Called Strike
2-2: SINGLE (Groundball, 34D)
Batting: RHB Wilbert Rodgers 0-0: Ball
Miguel Rivería is caught stealing 2nd base
1-0: Foul Ball, location: 2F
1-1: Ground out 6-3 (Groundball, 6M)
Top of the 4th over - 0 run(s), 1 hit(s), 0 error(s), 0 left on base; Los Cabos 3 - Baffin Island 3
BOTTOM OF THE 4TH
Baffin Island Beavers batting - Pitching for Los Cabos Cartel : RHP Ramón López
Batting: LHB Mario García 0-0: Ball
1-0: Ball
2-0: Called Strike
2-1: Ball
3-1: Ground out 6-3 (Groundball, 6M)
Batting: RHB Dave Craig 0-0: Called Strike
0-1: Foul Ball, location: 2F
0-2: Foul Ball, location: 2F
0-2: Strikes out swinging
Batting: LHB Keng-chi Lao 0-0: Ball
1-0: Swinging Strike
1-1: Called Strike
1-2: Foul Ball, location: 2F
1-2: Ball
2-2: Foul Ball, location: 2F
2-2: Foul Ball, location: 2F
2-2: Ball
3-2: Ground out 3-1 (Groundball, 34S)
Bottom of the 4th over - 0 run(s), 0 hit(s), 0 error(s), 0 left on base; Los Cabos 3 - Baffin Island 3
TOP OF THE 5TH
Los Cabos Cartel batting - Pitching for Baffin Island Beavers : RHP Luis Vargas
Batting: RHB John Pick 0-0: Ball
1-0: Swinging Strike
1-1: Swinging Strike
1-2: Foul Ball, location: 2F
1-2: Foul Ball, location: 2F
1-2: Hit by Pitch
Batting: RHB Oliver Hernández 0-0: Ball
1-0: Ball
2-0: Grounds into double play, 4-6-3 (Groundball, 4)
Batting: LHB Luis González 0-0: Ball
1-0: Ball
2-0: Foul Ball, location: 2F
2-1: Foul Ball, location: 2F
2-2: Foul Ball, location: 2F
2-2: Ball
3-2: Base on Balls
Batting: RHB Gerardo Escobedo 0-0: Ball
1-0: Called Strike
1-1: Swinging Strike
1-2: Ball
2-2: Fly out, F9 (Line Drive, 9S)
Top of the 5th over - 0 run(s), 0 hit(s), 0 error(s), 1 left on base; Los Cabos 3 - Baffin Island 3
BOTTOM OF THE 5TH
Baffin Island Beavers batting - Pitching for Los Cabos Cartel : RHP Ramón López
Batting: LHB Mike MacFadden 0-0: Ball
1-0: Called Strike
1-1: Swinging Strike
1-2: Strikes out looking
Batting: LHB Chris Bates 0-0: Ball
1-0: Swinging Strike
1-1: Swinging Strike
1-2: Strikes out swinging
Batting: LHB Jeff Cole 0-0: Swinging Strike
0-1: Swinging Strike
0-2: Ball
1-2: Foul Ball, location: 2F
1-2: Strikes out swinging
Bottom of the 5th over - 0 run(s), 0 hit(s), 0 error(s), 0 left on base; Los Cabos 3 - Baffin Island 3
TOP OF THE 6TH
Los Cabos Cartel batting - Pitching for Baffin Island Beavers : RHP Luis Vargas
Batting: SHB Julián Madrid 0-0: Ball
1-0: Ball
2-0: Swinging Strike
2-1: Ball
3-1: Ground out 4-3 (Groundball, 4)
Pitching: RHP Juan Gonzáles
Batting: LHB José Rivas 0-0: Ball
1-0: Ball
2-0: Called Strike
2-1: Called Strike
2-2: Strikes out swinging
Batting: RHB Stephen Wilson 0-0: Ball
1-0: Called Strike
1-1: Ball
2-1: Foul Ball, location: 2F
2-2: Ground out 5-3 (Groundball, 5S)
Top of the 6th over - 0 run(s), 0 hit(s), 0 error(s), 0 left on base; Los Cabos 3 - Baffin Island 3
BOTTOM OF THE 6TH
Baffin Island Beavers batting - Pitching for Los Cabos Cartel : RHP Ramón López
Batting: SHB Alonso Ferreira 0-0: Ball
1-0: Foul Ball, location: 2F
1-1: Foul Ball, location: 2F
1-2: Strikes out swinging
Batting: LHB Lorenzo Villa 0-0: Called Strike
0-1: Fly out, F9 (Flyball, 9LS)
Batting: RHB Tony Morton 0-0: Ball
1-0: Ball
2-0: Ball
3-0: Base on Balls
Batting: LHB Mario García 0-0: Ball
1-0: Ball
2-0: Ball
3-0: Called Strike
3-1: Foul Ball, location: 2F
3-2: SINGLE (Groundball, 34D)
Tony Morton to second
Tony Morton to third
Pitching: LHP Jung-keun Yi
Batting: RHB Dave Craig 0-0: Ball
1-0: Foul Ball, location: 2F
1-1: Foul Ball, location: 2F
1-2: Ball
2-2: Fly out, F8 (Flyball, 8RD)
Bottom of the 6th over - 0 run(s), 1 hit(s), 0 error(s), 2 left on base; Los Cabos 3 - Baffin Island 3
TOP OF THE 7TH
Los Cabos Cartel batting - Pitching for Baffin Island Beavers : RHP Juan Gonzáles
Pitching: LHP José Bamuelos
Batting: LHB Miguel Rivería 0-0: Swinging Strike
0-1: Called Strike
0-2: Ball
1-2: Strikes out swinging
Pitching: LHP Manuel Parra
Batting: RHB Wilbert Rodgers 0-0: Foul Ball, location: 2F
0-1: Called Strike
0-2: Ground out 5-3 (Groundball, 56)
Batting: RHB John Pick 0-0: Called Strike
0-1: Fly out, F8 (Flyball, 78XD)
Top of the 7th over - 0 run(s), 0 hit(s), 0 error(s), 0 left on base; Los Cabos 3 - Baffin Island 3
BOTTOM OF THE 7TH
Baffin Island Beavers batting - Pitching for Los Cabos Cartel : LHP Jung-keun Yi
Batting: LHB Keng-chi Lao 0-0: Foul Ball, location: 2F
0-1: Fly out, F7 (Line Drive, 7D)
Batting: LHB Mike MacFadden 0-0: Ball
1-0: Ball
2-0: Ball
3-0: Called Strike
3-1: Base on Balls
Batting: LHB Chris Bates 0-0: Ball
1-0: Ball
2-0: Fly out, F7 (Flyball, 7M)
Batting: LHB Jeff Cole 0-0: Ball
1-0: Ball
2-0: Called Strike
2-1: Foul Ball, location: 2F
2-2: Strikes out swinging
Bottom of the 7th over - 0 run(s), 0 hit(s), 0 error(s), 1 left on base; Los Cabos 3 - Baffin Island 3
TOP OF THE 8TH
Los Cabos Cartel batting - Pitching for Baffin Island Beavers : LHP Manuel Parra
Batting: RHB Oliver Hernández 0-0: Ball
1-0: Ball
2-0: Called Strike
2-1: Foul Ball, location: 2F
2-2: Foul Ball, location: 2F
2-2: Foul Ball, location: 2F
2-2: Fly out, F9 (Flyball, 9M)
Batting: LHB Luis González 0-0: Called Strike
0-1: Ground out 4-3 (Groundball, 4)
Batting: RHB Gerardo Escobedo 0-0: Called Strike
0-1: Ball
1-1: Swinging Strike
1-2: Ball
2-2: Ball
3-2: Base on Balls
Batting: SHB Julián Madrid 0-0: Ball
1-0: Ball
2-0: Ball
3-0: Called Strike
3-1: Ground out 6-3 (Groundball, 6)
Top of the 8th over - 0 run(s), 0 hit(s), 0 error(s), 1 left on base; Los Cabos 3 - Baffin Island 3
BOTTOM OF THE 8TH
Baffin Island Beavers batting - Pitching for Los Cabos Cartel : LHP Jung-keun Yi
Pitching: RHP Yajirobei Endo
Batting: SHB Alonso Ferreira 0-0: Ball
1-0: Ball
2-0: Called Strike
2-1: Ball
3-1: Called Strike
3-2: Ground out 4-3 (Groundball, 4)
Batting: LHB Lorenzo Villa 0-0: Ground out 4-3 (Groundball, 4M)
Batting: RHB Tony Morton 0-0: Foul Ball, location: 2F
0-1: Ball
1-1: Called Strike
1-2: Ball
2-2: Foul Ball, location: 2F
2-2: Ball
3-2: Base on Balls
Batting: LHB Mario García 0-0: Called Strike
0-1: Ball
Tony Morton is caught stealing 2nd base
Bottom of the 8th over - 0 run(s), 0 hit(s), 0 error(s), 0 left on base; Los Cabos 3 - Baffin Island 3
TOP OF THE 9TH
Los Cabos Cartel batting - Pitching for Baffin Island Beavers : LHP Manuel Parra
Pitching: LHP Edgardo Guzmán
Batting: LHB José Rivas 0-0: Called Strike
0-1: Ball
1-1: Swinging Strike
1-2: Strikes out swinging
Batting: RHB Stephen Wilson 0-0: Foul Ball, location: 2F
0-1: Ball
1-1: Ball
2-1: DOUBLE (Groundball, 5L)
Batting: LHB Miguel Rivería 0-0: Called Strike
0-1: Ball
1-1: Foul Ball, location: 2F
1-2: Ball
2-2: SINGLE (Groundball, 4MD) (infield hit)
Stephen Wilson to third
Batting: RHB Wilbert Rodgers 0-0: Ball
1-0: Foul Ball, location: 2F
1-1: Swinging Strike
1-2: Ball
2-2: Foul Ball, location: 2F
2-2: Foul Ball, location: 2F
2-2: Foul Ball, location: 2F
2-2: Strikes out swinging
Batting: RHB John Pick 0-0: Ball
1-0: Called Strike
1-1: Fly out, F4 (Line Drive, 4M)
Top of the 9th over - 0 run(s), 2 hit(s), 0 error(s), 2 left on base; Los Cabos 3 - Baffin Island 3
BOTTOM OF THE 9TH
Baffin Island Beavers batting - Pitching for Los Cabos Cartel : RHP Yajirobei Endo
Pitching: LHP Santiago González
Pinch Hitting: RHB Mario López 0-0: Called Strike
0-1: Ground out 4-3 (Groundball, 34)
Batting: RHB Dave Craig 0-0: Ball
1-0: Ball
2-0: Ground out 1-3 (Groundball, 15)
Batting: LHB Keng-chi Lao 0-0: Ball
1-0: DOUBLE (Flyball, 89D)
Pinch Hitting: LHB José Berroa 0-0: SINGLE (Line Drive, 78M)
Keng-chi Lao to third
Batting: LHB Chris Bates 0-0: Called Strike
0-1: Foul Ball, location: 2F
0-2: Strikes out swinging
Bottom of the 9th over - 0 run(s), 2 hit(s), 0 error(s), 2 left on base; Los Cabos 3 - Baffin Island 3
TOP OF THE 10TH
Los Cabos Cartel batting - Pitching for Baffin Island Beavers : LHP Edgardo Guzmán
Now at C: Luis González
Now in RF: José Berroa
Batting: RHB Oliver Hernández 0-0: Swinging Strike
0-1: Ball
1-1: Called Strike
1-2: Foul Ball, location: 2F
1-2: Fly out, F8 (Flyball, 8RM)
Batting: LHB Luis González 0-0: Ball
1-0: Ball
2-0: Called Strike
2-1: Ball
3-1: Base on Balls
Batting: RHB Gerardo Escobedo 0-0: Foul Ball, location: 2F
0-1: Ball
1-1: Ball
2-1: Swinging Strike
2-2: Grounds into double play, 6-4-3 (Groundball, 56)
Top of the 10th over - 0 run(s), 0 hit(s), 0 error(s), 0 left on base; Los Cabos 3 - Baffin Island 3
BOTTOM OF THE 10TH
Baffin Island Beavers batting - Pitching for Los Cabos Cartel : LHP Santiago González
Batting: LHB Jeff Cole 0-0: Swinging Strike
0-1: Called Strike
0-2: Foul Ball, location: 2F
0-2: Foul Ball, location: 2F
0-2: Ball
1-2: Ball
2-2: Ball
3-2: Ground out 6-3 (Groundball, 6)
Batting: SHB Alonso Ferreira 0-0: Ball
1-0: Swinging Strike
1-1: Swinging Strike
1-2: Ball
2-2: Foul Ball, location: 2F
2-2: Ball
3-2: Base on Balls
Batting: LHB Lorenzo Villa 0-0: Foul Ball, location: 2F
0-1: Ball
1-1: Foul Ball, location: 2F
1-2: Fly out, F9 (Flyball, 9LM)
Batting: RHB Tony Morton 0-0: Ball
1-0: Ball
2-0: Ball
Balk!
Alonso Ferreira to second
3-0: Called Strike
3-1: DOUBLE (Line Drive, 78D)
Alonso Ferreira scores
Monday, December 5th, 2016 - OOTP Baseball 17.12 Build 75